AoeStats
← Rafaelbdoo

Arabia

506497483Analyzed
1v1 RM · 20d ago on Sep 13, 2026· 54m 39s· 2 players
Game mode
Random Map
Map size
Tiny (2 player)
Population
200
Speed
Normal
Resources
Standard
Victory
Conquest
Starting age
Dark Age
Ending age
Imperial Age
RankedLock teamsTeams togetherTeam positionsShared explorationLock speedFull tech treeHidden civsTurbo modeCheats
Victory
Defeat
🇲🇽 Lithuanians · Mexico
623
+14
🇧🇷 Byzantines · Brazil
588
-14
Rafaelbdoo
6:19 Loom
13:00 Feudal Age
22:55 Horse Collar
27:51 Castle Age
25:53 Double-Bit Axe
27:17 Wheelbarrow
27:59 Scale Mail Armor
28:09 Forging
27:56 Pikeman
30:34 Iron Casting
34:52 Hand Cart
37:05 Husbandry
39:08 Light Cavalry
45:34 Murder Holes
46:40 Treadmill Crane
JorgeHB
7:18 Loom
10:19 Feudal Age
11:23 Double-Bit Axe
20:57 Castle Age
20:57 Horse Collar
22:07 Elite Skirmisher
23:08 Forging
23:04 Scale Barding Armor
23:44 Bloodlines
23:36 Husbandry
24:01 Sanctity
27:55 Iron Casting
27:37 Bow Saw
32:03 Wheelbarrow
33:27 Hand Cart
36:56 Ballistics
38:54 Chain Barding Armor
42:02 Pikeman
42:42 Squires
50:56 Imperial Age
53:36 Block Printing
55:25 Chemistry
Connection lost

Rejoining the realm…

Still unreachable

The connection could not be restored.

Session expired

The server has moved on; the page needs a fresh start.